 Dungeon Crawl Stone Soup version 0.32-a0-791-gfc315c9ecd (webtiles) character file.

Game seed: 6481179436138805686

51 NovaChaser the Grave Robber (level 3, 0/28 HPs)
             Began as a Draconian Necromancer on Mar 20, 2024.
             Slain by a gnoll
             ... wielding a +0 flail
              (5 damage)
             ... on level 2 of the Dungeon.
             The game lasted 00:01:17 (1277 turns).

NovaChaser the Grave Robber (Draconian Necromancer) Turns: 1277, Time: 00:01:18

Health: 0/28       AC:  5    Str: 10    XL:     3   Next: 58%
Magic:  6/6        EV: 11    Int: 17    God:
Gold:   40         SH:  0    Dex: 11    Spells: 5/6 levels left

rFire   . . .        e - +1 dagger
rCold   . . .        (no shield)
rNeg    . . .        (body armour unavailable)
rPois   .            (helmet restricted)
rElec   .            (no cloak)
rCorr   .            (no gloves)
SInv    .            (no boots)
Will    .....        (no amulet)
Stlth   ++           (no ring)
HPRegen 0.24/turn    (no ring)
MPRegen 0.10/turn

%: no passive effects
@: about to teleport
A: AC +5, unfitting armour, cold-blooded
a: no special abilities


You were on level 2 of the Dungeon.
You visited 1 branch of the dungeon, and saw 2 of its levels.

You collected 40 gold pieces.

Inventory:

Hand Weapons
 e - a +1 dagger (weapon)
Scrolls
 c - 2 scrolls of identify {unknown}
Potions
 a - a potion of magic


   Skills:
 + Level 1.3 Fighting
 + Level 2.2 Dodging
 + Level 2.3 Stealth
 + Level 2.4 Spellcasting
 + Level 4.3 Necromancy


You had 5 spell levels left.
You knew the following spells:

 Your Spells              Type           Power      Damage    Failure   Level
X - Necrotise             Necr           64%        1d7       3%          1

Your spell library contained the following spells:

 Spells                   Type           Power      Damage    Failure   Level
 Vampiric Draining        Necr           16%        2d7       10%         3
 Animate Dead             Necr           16%        N/A       32%         4
 Curse of Agony           Necr           16%        N/A       65%         5


Dungeon Overview and Level Annotations

Branches:
Dungeon (2/15)

Altars:


Innate Abilities, Weirdness & Mutations

Your plain brown scales are hard. (AC +5)
You cannot fit into any form of body armour.
You are cold-blooded and may be slowed by cold attacks.


Message History

You hit the gnoll but do no damage. The gnoll misses you.
You barely miss the gnoll. The gnoll hits you with a +0 club!
* * * LOW HITPOINT WARNING * * *
You hit the gnoll. The gnoll hits you with a +0 club.
* * * LOW HITPOINT WARNING * * *
Casting: Necrotise (safe; 3% risk of failure)
Confirm with . or Enter, or press ? or * to list all spells.
You don't know that spell.
Casting: Necrotise (safe; 3% risk of failure)
Confirm with . or Enter, or press ? or * to list all spells.
Aiming: Necrotise (safe; 3% risk of failure)
Press: ? - help, Shift-Dir - straight line, f/p - gnoll
Aim: a gnoll, wielding a +0 club (severely wounded, chance to affect: 80%)
The gnoll writhes in agony.
The gnoll barely misses you.
You hit the gnoll. The gnoll barely misses you.
You barely miss the gnoll. The gnoll hits you with a +0 club.
* * * LOW HITPOINT WARNING * * *
You barely miss the gnoll. The gnoll hits you with a +0 club.
* * * LOW HITPOINT WARNING * * *
Unknown command.
You hit the gnoll.
Your tail-slap misses the gnoll.
The gnoll hits you but does no damage.
Unknown command.
You hit the gnoll.
You kill the gnoll!
You start resting.
You start resting.
You climb downwards.
The gnoll hits you with a +0 flail.
The gnoll throws a throwing net.
The throwing net hits you.
You become entangled in the net!
The gnoll hits you with a +0 flail!
* * * LOW HITPOINT WARNING * * *
There is a stone staircase leading up here.
You see here a throwing net {=f!f}.
You tear a large gash into the net.
The gnoll hits you with a +0 flail.
* * * LOW HITPOINT WARNING * * *
You struggle against the net.
The gnoll hits you with a +0 flail.
* * * LOW HITPOINT WARNING * * *
You rip the net and break free!
The gnoll closely misses you. The gnoll misses you.
As you read the scroll labelled ICKUOH SIUWIJ, it crumbles to dust.
It is a scroll of enchant weapon.
Your +0 dagger glows red for a moment.
The gnoll hits you with a +0 flail.
* * * LOW HITPOINT WARNING * * *
The gnoll hits you but does no damage.
As you read the scroll labelled GAULEOLLIMENT, it crumbles to dust.
You feel strangely unstable.
It was a scroll of teleportation.
The gnoll barely misses you. x2
The gnoll hits you with a +0 flail.
You die...

#.# #.# #.# #.#
#.# .# #.# ..#
#.# ...#
#.######...#
#.#<@......#
#.'gg.)....#
###........#
######........#
#.............#
###.#.........#
#.#.####+####
#.#.# #####+#.#


You could see 2 gnolls.

Vanquished Creatures
  2 gnolls
  3 dart slugs (D:1)
  2 ball pythons (D:1)
  2 endoplasms (D:1)
  5 goblins (D:1)
  A hobgoblin (D:1)
  2 jackals (D:1)
  A kobold (D:2)
  3 frilled lizards (D:1)
21 creatures vanquished.

Vanquished Creatures (collateral kills)
  An endoplasm (D:1)
  A hobgoblin (D:1)
  A rat (D:1)
3 creatures vanquished.

Grand Total: 24 creatures vanquished

Notes
Turn   | Place    | Note
-------+----------+-------------------------------------------
     0 | D:1      | NovaChaser the Draconian Necromancer began the quest for
                  | the Orb.
     0 | D:1      | Reached XP level 1. HP: 14/14 MP: 3/3
     0 | D:1      | Noticed a shadow dragon
     2 | D:1      | Noticed an orb of fire
     2 | D:1      | Noticed an ice dragon
     4 | D:1      | Noticed an ice dragon
     4 | D:1      | Noticed an iron dragon
     7 | D:1      | Noticed a shadow dragon
    11 | D:1      | Noticed a shadow dragon
    13 | D:1      | Noticed a golden dragon
    13 | D:1      | Noticed an iron dragon
    15 | D:1      | Noticed an ice dragon
    15 | D:1      | Noticed a green draconian
    15 | D:1      | Noticed an iron dragon
    17 | D:1      | Noticed an ice dragon
    19 | D:1      | Noticed an iron dragon
    19 | D:1      | Noticed a shadow dragon
    21 | D:1      | Noticed a shadow dragon
   255 | D:1      | Reached XP level 2. HP: 20/22 MP: 0/5
   593 | D:1      | Reached skill level 1 in Fighting
   793 | D:1      | Reached XP level 3. HP: 18/28 MP: 1/6
  1160 | D:1      | HP: 1/28 [gnoll/+0 club (2)]
  1277 | D:2      | Slain by a gnoll

Illustrated notes

Levels and vault maps discovered:
D:1:      shiori_arrival_whats_in_store_for_you, layout_basic
D:2:      layout_basic, basic_altar, minivault_23

Skill      XL: |  1  2 |
---------------+-------+-----
Stealth        | 2 |  2.3
Dodging        | 2 |  2.2
Fighting       | 1 |  1.3
Spellcasting   | |  2.4
Necromancy     | |  4.3

Action                     || total
---------------------------++-------
  Melee: Unarmed           ||    27
         Tailslap          ||     7
         Dagger            ||     9
   Cast: Necrotise         ||    44
    Use: Scroll            ||     2
 Armour: Skin              ||    39
  Dodge: Dodged            ||    23

Table legend: (Time is in decaauts)
 A = Elapsed time spent in this place.
 B = Non-inter-level travel time spent in this place.
 C = Inter-level travel time spent in this place.
 D = Time resting spent in this place.
 E = Time spent auto-exploring this place.
 F = Levels seen in this place.
 G = Mean time per level.
                   A        B        C        D        E       F      G
               +--------+--------+--------+--------+--------+-----+--------+
         Total |   1277 |   1277 |      0 |    107 |   1007 |   2 |  638.5 |
       Dungeon |   1277 |   1277 |      0 |    107 |   1007 |   2 |  638.5 |
               +--------+--------+--------+--------+--------+-----+--------+

Top non-repeatable levels by time:
     D:1: 1206 daAuts
     D:2: 70 daAuts
